 Dungeon Crawl Stone Soup version 0.31-a0-202-g547052bce9 (webtiles) character file.

Game seed: 6374104087643013386

165 dialectric the Trooper (level 5, -1/41 HPs)
             Began as a Demonspawn Fighter on June 26, 2023.
             Was a Believer of Uskayaw.
             Slain by a kobold brigand
             ... wielding a +0 club
              (4 damage)
             ... on level 3 of the Dungeon.
             The game lasted 00:02:10 (1263 turns).

dialectric the Trooper (Demonspawn Fighter)         Turns: 1263, Time: 00:02:10

Health: -1/41      AC: 14    Str: 19    XL:     5   Next: 21%
Magic:  5/5        EV:  9    Int:  9    God:    Uskayaw [**....]
Gold:   105        SH:  4    Dex: 12    Spells: 4/4 levels left

rFire   . . .        a - +0 long sword
rCold   . . .        c - +0 buckler
rNeg    . . .        b - +0 scale mail
rPois   .            (no helmet)
rElec   .            (no cloak)
rCorr   .            g - +0 pair of gloves
SInv    .            (no boots)
Will    .....        (no amulet) Stlth
                     (no ring)
HPRegen 0.26/turn    (no ring)
MPRegen 0.09/turn

%: no passive effects
@: mighty, lethally poisoned (-1 -> -2), sanguine armoured, slowed, very slow
A: foul stench 1, sanguine armour 1
a: Renounce Religion, Stomp, Line Pass


You were on level 3 of the Dungeon.
You worshipped Uskayaw.
Uskayaw was noncommittal.
You visited 1 branch of the dungeon, and saw 3 of its levels.

You collected 105 gold pieces.

Inventory:

Hand Weapons
 a - a +0 long sword (weapon)
Armour
 b - a +0 scale mail (worn)
 c - a +0 buckler (worn)
 g - a +0 pair of gloves (worn)
Scrolls
 i - a scroll of brand weapon {unknown}
Potions
 e - a potion of heal wounds
 f - 2 potions of curing {unknown}
 h - a potion of magic {unknown}


   Skills:
 + Level 3.5 Fighting
 + Level 3.4 Long Blades
 + Level 3.4 Armour
 * Level 1.1 Dodging
 - Level 0.1 Stealth
 + Level 3.1 Shields


You had 4 spell levels left.
You didn't know any spells.
Your spell library was empty.

Dungeon Overview and Level Annotations

Branches:
Dungeon (3/15)

Altars:
Uskayaw


Innate Abilities, Weirdness & Mutations

You may rarely emit foul miasma when damaged in melee.
When seriously injured, your blood forms armour. (AC +6)


Message History

2 orcs come into view.
The orc shouts!
A kobold comes into view. It is wielding a +0 club.
The orc moves out of view.
An orc comes into view. It is wielding a +0 whip.
The kobold shouts!
You hear a shout!
A kobold comes into view. It is wielding a +0 dagger.
The kobold shouts!
A ball python comes into view.
The ball python hisses angrily.
You slash the kobold!
You kill the kobold!
You see here a +0 club.
Unknown command.
You hit the kobold.
You kill the kobold!
Uskayaw will force your foes to helplessly watch your dance.
A kobold brigand comes into view.
It is wielding a +0 club and quivering curare-tipped darts.
The kobold brigand shouts!
Things that are here:
a +0 dagger; a kobold corpse The kobold brigand throws a curare-tipped dart.
The curare-tipped dart closely misses you.
The kobold brigand throws a curare-tipped dart.
The curare-tipped dart hits you.
You are poisoned.
You have difficulty breathing.
You feel yourself slow down.
You feel very sick.
You closely miss the kobold brigand.
You feel sick.
The kobold brigand hits you with a +0 club!
* * * LOW HITPOINT WARNING * * *
The kobold brigand closely misses you.
You closely miss the kobold brigand.
You feel sick.
The kobold brigand hits you with a +0 club.
* * * LOW HITPOINT WARNING * * *
You closely miss the kobold brigand.
* * * LOW HITPOINT WARNING * * *
You feel sick.
The kobold brigand hits you with a +0 club.
You die...

#.# ####.######.# #.#
#####.# #...........# #.#
...#.# #.##.#####... ..#
###.#.########.##.# .## #
#..............#~~~ #.
##.#)#.#######>...~~~~≈~~
....)###.....###~~~~≈~≈≈#
###.)).)....)).######≈###
#..)..#####...@K..###
##.####≈≈≈###.........
#.# ~≈~≈K~~######...#
#.##~~~~~~~~ ###
..####~~~..... ..#
##.S...o. #.( ........


You could see a kobold brigand.

Vanquished Creatures
  A kobold brigand (D:3)
  3 gnolls
  An adder (D:2)
  3 dart slugs (D:1)
  An orc (D:2)
  6 endoplasms
  3 giant cockroaches
  4 goblins
  8 hobgoblins
  2 quokkas
  6 bats
  2 frilled lizards
  10 kobolds
  3 rats
53 creatures vanquished.

Notes
Turn   | Place    | Note
-------+----------+-------------------------------------------
     0 | D:1      | dialectric the Demonspawn Fighter began the quest for the
                  | Orb.
     0 | D:1      | Reached XP level 1. HP: 18/18 MP: 1/1
    74 | D:1      | Found a faded altar of an unknown god.
   100 | D:1      | Gained mutation: When seriously injured, your blood forms
                  | armour. (AC +6) [demonic ancestry]
   100 | D:1      | Reached XP level 2. HP: 14/24 MP: 2/2
   180 | D:1      | Prayed at the altar of an unknown god.
   180 | D:1      | Became a worshipper of Uskayaw the Reveller
   180 | D:1      | Reached * piety under Uskayaw
   231 | D:1      | Reached ** piety under Uskayaw
   408 | D:1      | Gained mutation: You may rarely emit foul miasma when
                  | damaged in melee. [demonic ancestry]
   408 | D:1      | Reached XP level 3. HP: 27/29 MP: 3/3
   693 | D:2      | Reached *** piety under Uskayaw
   699 | D:2      | Identified the +0 mace of Exquisite Torment {flame, rElec
                  | Int+4 Stlth-}
   903 | D:2      | Reached XP level 4. HP: 14/35 MP: 4/4
  1231 | D:3      | Noticed a kobold brigand
  1239 | D:3      | Killed a kobold brigand
  1240 | D:3      | Reached skill level 1 in Dodging
  1240 | D:3      | Reached XP level 5. HP: 13/41 MP: 5/5
  1263 | D:3      | Slain by a kobold brigand

Illustrated notes

Levels and vault maps discovered:
D:1:      dpeg_arrival_windows_large_door, layout_rooms, basic_ecumenical_altar
D:2:      kb_forest_paths, layout_loops_ring, st_stairs_14,
          kennysheep_minor_cross
D:3:      cheibrodos_thug_alley, layout_loops_ring, amcnicky_mini_pool_small,
          kennysheep_jessica_study

Skill      XL: |  1  2  3  4 |
---------------+-------------+-----
Long Blades    | 2 3 |  3.4
Shields        | 3 |  3.1
Armour         | 3 |  3.4
Dodging        | 1 |  1.1
Fighting       | |  3.5
Stealth        | |  0.1

Action                     |  1- 3 |  4- 6 || total
---------------------------+-------+-------++-------
  Melee: Long sword        |   120 |    51 ||   171
    Use: Potion            |       |     2 ||     2
   Stab: Paralysed         |     1 |     1 ||     2
 Armour: Scale mail        |    83 |    15 ||    98
  Dodge: Dodged            |    46 |    13 ||    59
  Block: Buckler           |    29 |     9 ||    38

Table legend: (Time is in decaauts)
 A = Elapsed time spent in this place.
 B = Non-inter-level travel time spent in this place.
 C = Inter-level travel time spent in this place.
 D = Time resting spent in this place.
 E = Time spent auto-exploring this place.
 F = Levels seen in this place.
 G = Mean time per level.
                   A        B        C        D        E       F      G
               +--------+--------+--------+--------+--------+-----+--------+
         Total |   1320 |   1293 |     27 |     81 |    780 |   3 |  440.0 |
       Dungeon |   1320 |   1293 |     27 |     81 |    780 |   3 |  440.0 |
               +--------+--------+--------+--------+--------+-----+--------+

Top non-repeatable levels by time:
     D:1: 589 daAuts
     D:2: 408 daAuts
     D:3: 321 daAuts
